 Seeded DCSS version 0.29-a0-1065-g47a6bb87d6 (webtiles) character file.

Game seed: 1 (custom seed)

30 Kazon the Covered (level 2, -5/25 HPs)
             Began as a Demigod Fighter on Aug 18, 2022.
             Slain by a gnoll
             ... wielding a +0 halberd
              (13 damage)
             ... on level 2 of the Dungeon.
             The game lasted 00:03:53 (961 turns).

Kazon the Covered (Demigod Fighter)                  Turns: 961, Time: 00:03:53

Health: -5/25      AC:  6    Str: 17    XL:     2   Next: 84%
Magic:  4/4        EV:  9    Int: 10    God:
Gold:   121        SH:  4    Dex: 13    Spells: 1/1 levels left

rFire   . . .      SeeInvis .   a - +0 long sword
rCold   . . .      Faith    .   c - +0 buckler
rNeg    . . .      Spirit   .   b - +0 scale mail
rPois   .          Reflect  .   (no helmet)
rElec   .          Harm     .   (no cloak)
rCorr   .          Rampage  .   (no gloves)
Will    .....                   (no boots)
Stlth   ..........              e - amulet of the acrobat
HPRegen 0.08/turn               (no ring)
MPRegen 0.09/turn               (no ring)

@: studying Armour
A: high MP 1, forlorn, divine attributes
a: no special abilities


You were on level 2 of the Dungeon.
You visited 1 branch of the dungeon, and saw 2 of its levels.

You collected 121 gold pieces.

Inventory:

Hand Weapons
 a - a +0 long sword (weapon)
Armour
 b - a +0 scale mail (worn)
 c - a +0 buckler (worn)
Jewellery
 e - an amulet of the acrobat (around neck)
Scrolls
 j - a scroll of identify {unknown}
Potions
 d - a potion of might
 f - a potion of haste {unknown}
 g - a potion of flight {unknown}
 h - a potion of attraction {unknown}


   Skills:
 + Level 2.9 Fighting
 + Level 2.2 Long Blades
 + Level 3.4 Armour
 + Level 3.0 Shields


You had one spell level left.
You didn't know any spells.
Your spell library was empty.

Dungeon Overview and Level Annotations

Branches:
Dungeon (2/15)


Innate Abilities, Weirdness & Mutations

You have an increased reservoir of magic. (+10% MP)
You shall have no god before yourself.
Your divine heritage dramatically boosts your attributes as you level up.


Message History

A gnoll comes into view. It is wielding a +0 spear.
A gnoll comes into view. It is wielding a +0 whip.
Throw: 3 stones
Press: ? - help, Q - select action Shift-Dir - straight line, f - gnoll
Aim: a gnoll, wielding a +0 halberd (61% to hit)
You throw a stone. The stone hits the gnoll.
The gnoll is lightly wounded.
Unknown command.
Throw: 2 stones
Press: ? - help, Q - select action Shift-Dir - straight line, f/p - gnoll
Aim: a gnoll, wielding a +0 halberd (lightly wounded, 61% to hit)
You throw a stone. The stone barely misses the gnoll.
Unknown command.
Throw: stone
Press: ? - help, Q - select action Shift-Dir - straight line, f/p - gnoll
Aim: a gnoll, wielding a +0 halberd (lightly wounded, 61% to hit)
You throw a stone.
The stone hits the gnoll but does no damage.
The gnoll is lightly wounded.
A kobold comes into view. It is wielding a +0 dagger.
The kobold shouts!
You hear a shout!
A ball python comes into view.
You see here an adder skeleton.
The kobold attacks as you move away! The kobold barely misses you.
The kobold attacks as you move away! You block the kobold's attack.
You closely miss the kobold. The kobold completely misses you.
The kobold hits you but does no damage.
The gnoll hits you from afar with a +0 halberd!
You hit the kobold.
The kobold is severely wounded.
You block the gnoll's attack. The kobold hits you with a +0 dagger.
You hit the kobold.
You kill the kobold!
The gnoll completely misses you. The gnoll hits you with a +0 halberd!
Things that are here:
a +0 dagger; a scroll labelled DYOVOE RUSYGI You hit the gnoll but do no damage.
The gnoll hits you with a +0 halberd!
Ouch! That really hurt!
You die...

#........# ...
#.#...##.# ....
##.##.## .S ....g
#...#รท#######....gg
#............(
#...##g######.
######.# #g# #@# #.#
#.# #.# #.# #<# ###
#.# .. #.#
#.####.#####.


You could see 2 gnolls.

Vanquished Creatures
  An adder (D:2)
  3 endoplasms (D:1)
  A giant cockroach (D:1)
  4 goblins (D:1)
  2 hobgoblins (D:1)
  2 kobolds
  A quokka (D:1)
  2 bats
  3 rats (D:1)
19 creatures vanquished.

Notes
Turn   | Place    | Note
-------+----------+-------------------------------------------
     0 | D:1      | Kazon the Demigod Fighter began the quest for the Orb.
     0 | D:1      | Reached XP level 1. HP: 18/18 MP: 3/3
    88 | D:1      | Identified a scroll of acquirement
    88 | D:1      | Acquired a manual of Armour
   414 | D:1      | Reached XP level 2. HP: 25/25 MP: 4/4
   961 | D:2      | Slain by a gnoll

Illustrated notes

Levels and vault maps discovered:
D:1:      dpeg_arrival_three_smaller_balls, layout_basic
D:2:      layout_loops_ring

Skill      XL: |  1  2 |
---------------+-------+-----
Armour         | 3 |  3.4
Long Blades    | 2 |  2.2
Shields        | 3 |  3.0
Fighting       | |  2.9

Action                   || total
-------------------------++-------
Melee: Long sword        ||    42
Throw: Stone             ||     3
  Use: Scroll            ||     1
Armor: Scale mail        ||    20
Dodge: Dodged            ||    27
Block: Buckler           ||     8

Table legend: (Time is in decaauts)
 A = Elapsed time spent in this place.
 B = Non-inter-level travel time spent in this place.
 C = Inter-level travel time spent in this place.
 D = Time resting spent in this place.
 E = Time spent auto-exploring this place.
 F = Levels seen in this place.
 G = Mean time per level.
                   A        B        C        D        E       F      G
               +--------+--------+--------+--------+--------+-----+--------+
         Total |    975 |    967 |      8 |    199 |    283 |   2 |  487.5 |
       Dungeon |    975 |    967 |      8 |    199 |    283 |   2 |  487.5 |
               +--------+--------+--------+--------+--------+-----+--------+

Top non-repeatable levels by time:
     D:1: 691 daAuts
     D:2: 283 daAuts
